 Dungeon Crawl Stone Soup version 0.26-a0-638-gcca6ad1b57 (webtiles) character file.

Game seed: 2996933750045272679

33 DogServant the Vexing (level 3, -3/26 HPs)
             Began as a Formicid Arcane Marksman on Sept 14, 2020.
             Shot with a stone by a goblin (6 damage)
             ... on level 2 of the Dungeon.
             The game lasted 00:02:25 (1298 turns).

DogServant the Vexing (Formicid Arcane Marksman)    Turns: 1298, Time: 00:02:25

Health: -3/26      AC:  2    Str: 15    XL:     3   Next: 47%
Magic:  5/5        EV: 12    Int: 12    God:
Gold:   9          SH:  0    Dex: 11    Spells: 4/5 levels left

rFire    . . .     SeeInvis +   b - +0 short sword
rCold    . . .     Faith    .   (no shield)
rNeg     . . .     Spirit   .   e - +0 robe
rPois    .         Reflect  .   (helmet unavailable)
rElec    .         Harm     .   (no cloak)
rCorr    .         Rampage  .   (no gloves)
MR       .....                  (no boots)
Stlth    +.........             (no amulet)
HPRegen  0.08/turn              (no ring)
MPRegen  0.09/turn              (no ring)

@: no status effects
A: permanent stasis, dig shafts and tunnels, four strong arms, antennae 3
a: Dig, Shaft Self


You were on level 2 of the Dungeon.
You visited 1 branch of the dungeon, and saw 2 of its levels.

You collected 9 gold pieces.

Inventory:

Hand Weapons
 a - a +0 hand crossbow
 b - a +0 short sword (weapon)
Missiles
 d - 19 bolts
Armour
 e - a +0 robe (worn)
Scrolls
 f - 2 scrolls of remove curse {unknown}
 i - a scroll of fear {unknown}
 j - a scroll of noise {unknown}
Potions
 c - a potion of haste {unknown}
 g - 2 potions of heal wounds {unknown}
 h - 2 potions of stabbing {unknown}


   Skills:
 - Level 1.1 Fighting
 * Level 2.9 Crossbows
 - Level 1.7 Dodging
 + Level 1.7 Spellcasting
 + Level 4.1 Hexes


You had 4 spell levels left.
You knew the following spells:

 Your Spells              Type           Power        Failure   Level
a - Corona                Hex            ##.....      5%          1

Your spell library contained the following spells:

 Spells                   Type           Power        Failure   Level
 Slow                     Hex            ##......     8%          2
 Inner Flame              Hex/Fire       #.......     36%         3
 Portal Projectile        Hex/Tloc       #.....       36%         3
 Cause Fear               Hex            ##........   45%         4
 Leda's Liquefaction      Hex/Erth       #.........   77%         4


Dungeon Overview and Level Annotations

Branches:
Dungeon (2/15)

Altars:


Innate Abilities, Weirdness & Mutations

You cannot be hasted, slowed, berserked, paralysed or teleported.
You can dig through walls and to a lower floor.
Your four strong arms can wield two-handed weapons with a shield.
You have a pair of large antennae on your head. (SInv)


Message History

You barely miss the goblin.
The goblin is almost dead.
The kobold completely misses you. The goblin hits you with a +0 dagger.
You barely miss the goblin.
The goblin is almost dead.
The kobold hits you but does no damage. The goblin barely misses you.
You barely miss the goblin.
The goblin is almost dead.
The kobold hits you with a +0 dagger. The goblin hits you with a +0 dagger.
The kobold hits you with a +0 dagger.
You hit the goblin.
You kill the goblin!
The kobold barely misses you.
You hit the kobold.
You kill the kobold!
The goblin unwields a +0 dagger.
The goblin wields a +0 hunting sling.
The goblin shoots a stone.
The stone hits you!
* * * LOW HITPOINT WARNING * * *
The goblin shoots a stone.
The stone hits you.
You die...

....# #....# #
#....# .#.
###....# ....
......##### #...
#.?...#....
.#....#..........
.......@..#......
........()(..>?..
.....####)#.#..##
.........g# #
.....#...## ..
#... . .....
#..... ##....


You could see a goblin.

Vanquished Creatures
  2 dart slugs (D:1)
  4 bats (D:1)
  2 giant cockroaches (D:1)
  4 goblins
  4 hobgoblins (D:1)
  2 ball pythons (D:1)
  4 kobolds
  4 rats (D:1)
26 creatures vanquished.

Notes
Turn   | Place    | Note
-------+----------+-------------------------------------------
     0 | D:1      | DogServant the Formicid Arcane Marksman began the quest for
                  | the Orb.
     0 | D:1      | Reached XP level 1. HP: 15/15 MP: 2/2
    86 | D:1      | Reached XP level 2. HP: 14/21 MP: 3/3
   552 | D:1      | Reached XP level 3. HP: 26/26 MP: 5/5
   580 | D:1      | Reached skill level 4 in Hexes
  1298 | D:2      | Shot with a stone by a goblin

Illustrated notes

Levels and vault maps discovered:
D:1:      minmay_arrival_semitransparent, layout_basic
D:2:      layout_basic

Skill      XL: |  1  2  3 |
---------------+----------+-----
Hexes          | 4 |  4.1
Fighting       | |  1.1
Crossbows      | |  2.9
Dodging        | |  1.7
Spellcasting   | |  1.7

Action                   || total
-------------------------++-------
Melee: Short sword       ||   129
 Fire: Hand crossbow     ||     3
 Stab: Sleeping          ||     1
Armor: Robe              ||    40
Dodge: Dodged            ||   114

Table legend: (Time is in decaauts)
 A = Elapsed time spent in this place.
 B = Non-inter-level travel time spent in this place.
 C = Inter-level travel time spent in this place.
 D = Time resting spent in this place.
 E = Time spent auto-exploring this place.
 F = Levels seen in this place.
 G = Mean time per level.
                   A        B        C        D        E       F      G
               +--------+--------+--------+--------+--------+-----+--------+
         Total |   1310 |   1287 |     23 |    123 |    862 |   2 |  655.0 |
       Dungeon |   1310 |   1287 |     23 |    123 |    862 |   2 |  655.0 |
               +--------+--------+--------+--------+--------+-----+--------+

Top non-repeatable levels by time:
     D:1: 1293 daAuts
     D:2: 16 daAuts
